Map: Tourmaline LE

Players

HoldTheDoor

  • Race: Protoss Protoss
  • League: Diamond
  • Spawn Location: 1:00

herostorm - Winner!

  • Race: Terran Terran
  • League: Diamond
  • Spawn Location: 7:00

VOD

Have the link to the VOD?

Description

Time

  • Played on: May 11, 2026, 8:40 a.m.
  • Length: 7:25
Show
View Real Time Build Order
Export as new Build Order

HoldTheDoor Protoss 

Build Orders: 1 Gate Expand, Phoenix Opening 

Get SALT Encoding   

  12  0:00  Probe  
  13  0:12  Probe  
  14  0:17  Pylon  
  14  0:24  Probe  
  15  0:32  Probe  
  15  0:38  Gateway  
  15  0:40  Probe  
  17  0:50  Probe  
  18  1:03  Probe  
  19  1:05  Assimilator  
  19  1:15  Probe  
  20  1:27  Nexus  
  20  1:34  Cybernetics Core  
  20  1:39  Probe  
  21  1:41  Assimilator  
  21  1:53  Probe  
  22  1:57  Pylon  
  22  2:02  Warp Gate  
  22  2:05  Probe  
  22  2:06  Adept  
  23  2:17  Probe  
  26  2:22  Shield Battery  
  24  2:43  Sentry  
  26  2:45  Probe  
  27  2:55  Pylon  
  27  2:57  Probe x2  
  29  3:03  Robotics Facility  
  29  3:09  Probe x2  
  31  3:17  Stargate  
  31  3:21  Probe x2  
  33  3:33  Probe x2  
  35  3:34  Gateway  
  28  3:51  Sentry  
  28  3:54  Phoenix  
  29  4:07  Probe x2  
  31  4:12  Immortal  
  35  4:19  Probe x2  
  35  4:23  Gateway  
  37  4:31  Probe x2  
  37  4:32  Shield Battery  
  39  4:42  Stalker  
  39  4:43  Probe  
  40  5:05  Probe x2  
  42  5:17  Probe  
  42  5:18  Probe  
  44  5:23  Pylon  
  44  5:25  Forge  
  44  5:30  Probe x2, Assimilator  
  44  5:33  Stalker  
  48  5:36  Sentry  
  48  5:41  Phoenix  
  48  5:42  Probe x2  
  54  5:44  Warp Prism  
  54  5:49  Zealot  
  56  5:54  Probe x2  
  60  5:57  Zealot  
  60  6:03  Twilight Council  
  62  6:10  Assimilator  
  62  6:12  Pylon  
  62  6:15  Pylon  
  62  6:29  Phoenix  
  62  6:30  Probe x2  
  66  6:33  Pylon  
  66  6:36  Pylon  
  66  6:47  Zealot x3  
  72  7:05  Probe  
Show
View Real Time Build Order
Export as new Build Order

herostorm Terran - Winner!

Build Orders:  

Get SALT Encoding   

  12  0:00  SCV  
  13  0:12  SCV  
  14  0:17  Supply Depot  
  14  0:24  SCV  
  15  0:38  SCV  
  15  0:39  Barracks  
  16  0:43  Refinery  
  16  0:52  Refinery  
  16  0:53  SCV  
  17  1:05  SCV  
  18  1:18  SCV  
  19  1:26  Reaper  
  19  1:30  Orbital Command  
  20  1:40  Supply Depot  
  20  1:52  Factory  
  20  1:55  SCV  
  20  1:58  Reaper  
  22  2:16  SCV  
  23  2:26  Command Center  
  23  2:30  Reaper  
  24  2:41  Hellion  
  26  2:44  Starport  
  26  2:49  SCV  
  27  2:53  Supply Depot  
  27  3:01  SCV  
  27  3:02  Widow Mine  
  30  3:10  Barracks Reactor  
  30  3:15  SCV  
  31  3:21  Medivac  
  31  3:24  Widow Mine  
  35  3:29  SCV  
  36  3:56  Marine x2  
  36  4:00  SCV  
  39  4:04  Orbital Command  
  39  4:12  Factory Tech Lab  
  39  4:15  Barracks  
  39  4:16  Barracks  
  39  4:17  SCV  
  38  4:22  Marine x2, Bunker  
  38  4:23  Starport Reactor  
  40  4:29  SCV  
  41  4:31  SCV  
  41  4:34  Siege Tank  
  45  4:40  Marine x2  
  45  4:41  SCV  
  48  5:04  Marine x2  
  48  5:06  Medivac x2, Siege Tank  
  51  5:07  Barracks Tech Lab  
  51  5:09  Barracks Tech Lab  
  51  5:10  SCV  
  51  5:11  SCV  
  53  5:14  Refinery  
  53  5:18  Supply Depot  
  53  5:24  SCV  
  54  5:39  Stimpack  
  54  5:40  Marine x2, SCV  
  54  5:41  Marine x2  
  54  5:42  SCV  
  60  5:49  Supply Depot, Combat Shield  
  60  5:51  Supply Depot  
  60  5:56  Command Center  
  60  5:57  SCV x2  
  61  6:03  Refinery  
  62  6:10  Marine x4  
  62  6:11  Siege Tank, SCV  
  70  6:15  Supply Depot  
  70  6:16  SCV  
  71  6:23  SCV  
  72  6:28  Marine x4  
  76  6:33  SCV, Barracks  
  76  6:37  Supply Depot  
  77  6:42  Medivac  
  77  6:43  Viking  
  77  6:45  SCV  
  77  6:47  Marauder x2  
  86  6:54  Marine  
  86  7:07  Marine  
Tags
 
Add a new tag
Caveats
  • Supply blocks, unpowered buildings, or Contaminate may cause inaccurate times.
  • Supply counts are checked every 10 seconds.